 Dungeon Crawl Stone Soup version 0.27-a0-223-ge082b6e869 (webtiles) character file.

Game seed: 2908375897462492459

367 inqbanana the Slasher (level 6, -1/57 HPs)
             Began as a Naga Fighter on Feb 1, 2021.
             Killed by nerve-wracking pain
             ... invoked by a shadow imp
              (10 damage)
             ... in a sewer on Feb 2, 2021.
             The game lasted 00:07:27 (3570 turns).

inqbanana the Slasher (Naga Fighter)                Turns: 3570, Time: 00:07:29

Health: -1/57      AC:  7    Str: 19    XL:     6   Next: 69%
Magic:  6/6        EV:  6    Int:  8    God:
Gold:   84         SH:  9    Dex: 18    Spells: 5/5 levels left

rFire    . . .     SeeInvis +   a - +0 long sword
rCold    . . .     Faith    .   c - +0 kite shield
rNeg     . . .     Spirit   .   b - +0 scale mail
rPois    +         Reflect  .   m - +1 helmet
rElec    .         Harm     .   (no cloak)
rCorr    .         Rampage  .   (no gloves)
Will     .....                  (no barding)
Stlth    +.........             (no amulet)
HPRegen  0.19/turn              (no ring)
MPRegen  0.10/turn              g - +6 ring of dexterity

@: very slow
A: large, see invisible, deformed body, poison resistance, slowness 2, spit
poison 1, AC +2
a: Spit Poison


You were in a sewer.
You visited 1 branch of the dungeon, and saw 3 of its levels.
You also visited: Sewer.

You collected 84 gold pieces.

Inventory:

Hand Weapons
 a - a +0 long sword (weapon)
Missiles
 i - 8 javelins
Armour
 b - a +0 scale mail (worn)
 c - a +0 kite shield (worn)
 h - a +2 hat
 m - a +1 helmet (worn)
Jewellery
 g - a +6 ring of dexterity (right hand)
 j - an uncursed ring of ice
Wands
 e - a wand of paralysis (7)
Scrolls
 f - a scroll of identify
 k - a scroll of remove curse {unknown}
Potions
 d - 3 potions of curing


   Skills:
 + Level 3.8 Fighting
 * Level 4.1 Long Blades
 + Level 3.1 Armour
 + Level 1.8 Dodging
 + Level 3.3 Stealth
 + Level 3.1 Shields


You had 5 spell levels left.
You didn't know any spells.
Your spell library was empty.

Dungeon Overview and Level Annotations

Branches:
Dungeon (3/15)              Sewer (1/1)

Altars:
Vehumet

Annotations:
Sewer Grinder


Innate Abilities, Weirdness & Mutations

You cannot wear boots.
Your serpentine skin is tough. (AC +2)
You have supernaturally acute eyesight. (SInv)
Armour fits poorly on your strangely shaped body.
Your system is resistant to poisons. (rPois)
You cover ground very slowly.
You can spit poison.


Message History

You resist with some effort.
Okay, then.
You hit Grinder.
Grinder is lightly wounded.
You block the shadow imp's attack. You block Grinder's attack.
The shadow imp closely misses you.
Grinder blinks!
The shadow imp shouts, "Out, out, thou currish knotty-pated clotpole!"
The shadow imp closely misses you. Grinder gestures at you.
Pain shoots through your body!
* * * LOW HITPOINT WARNING * * *
There is an open door, spattered with blood here.
You hit the shadow imp.
The shadow imp is heavily wounded.
You block the shadow imp's attack. Grinder gestures at you.
You resist with some effort. The shadow imp gestures at you.
Pain shoots through your body!
You die...

#≈≈≈≈≈.#...#≈≈≈≈≈≈
#≈≈≈≈≈...≈....≈≈≈≈
#.≈≈≈..#≈≈≈#..≈.≈
#......#≈≈≈#.....
#'#######≈#######
#......#...#.....
#≈≈≈≈≈≈.....≈≈≈≈≈
#≈≈≈≈≈≈#[5÷#≈≈≈≈
#########@#### #
##########)[)###
#≈≈≈≈≈≈#...⌠...#≈
!..5...'.......'...
)......'.5._.⌠.'...
.......'.......'...
#≈≈≈≈≈≈#..⌠.⌠..#≈≈≈
#########.....#####
##'''##


You could see Grinder and a shadow imp.

Vanquished Creatures
  A necrophage (Sewer)
  2 wights (Sewer)
  3 big kobold zombies (Sewer)
  An adder (D:3)
  3 shadow imps (Sewer)
  2 ufetubi (Sewer)
  4 oozes (Sewer)
  An adder zombie (Sewer)
  A dart slug (D:1)
  2 worms (D:2)
  3 leopard geckos
  2 ball pythons
  5 bats
  5 giant cockroaches
  7 goblins
  3 hobgoblins
  6 jackals (D:1)
  15 kobolds
  5 frilled lizards (D:1)
  3 kobold zombies (Sewer)
  4 rats
78 creatures vanquished.

Vanquished Creatures (others)
  A plant (D:2)
1 creature vanquished.

Grand Total: 79 creatures vanquished

Notes
Turn   | Place    | Note
-------+----------+-------------------------------------------
     0 | D:1      | inqbanana the Naga Fighter began the quest for the Orb.
     0 | D:1      | Reached XP level 1. HP: 21/21 MP: 1/1
   109 | D:1      | Reached XP level 2. HP: 7/28 MP: 2/2
   544 | D:1      | Reached skill level 1 in Stealth
   549 | D:1      | HP: 1/28 [jackal (2)]
   599 | D:1      | Reached XP level 3. HP: 7/34 MP: 3/3
  2305 | D:2      | Found a faded altar of an unknown god.
  2313 | D:2      | Reached skill level 3 in Long Blades
  2313 | D:2      | Reached XP level 4. HP: 35/42 MP: 4/4
  2319 | D:2      | Became a worshipper of Vehumet
  2319 | D:2      | Reached * piety under Vehumet
  2319 | D:2      | Offered knowledge of Freeze by Vehumet.
  2320 | D:2      | Fell from the grace of Vehumet
  2724 | D:3      | Found a glowing drain.
  2737 | Sewer    | Entered a sewer
  3010 | Sewer    | Reached skill level 1 in Dodging
  3037 | Sewer    | Reached XP level 5. HP: 19/49 MP: 5/5
  3247 | Sewer    | Found an ancient bone altar of Kikubaaqudgha.
  3264 | Sewer    | Noticed a necrophage
  3271 | Sewer    | Reached XP level 6. HP: 18/57 MP: 6/6
  3275 | Sewer    | Killed a necrophage
  3276 | Sewer    | Reached skill level 4 in Long Blades
  3553 | Sewer    | Noticed Grinder
  3570 | Sewer    | Killed from afar by a shadow imp

Illustrated notes

Levels and vault maps discovered:
D:1:      minmay_arrival_semitransparent, layout_basic
D:2:      layout_basic, chequers_ecumenical_altar_lobes
D:3:      layout_basic, portal_sewer_entry_d, tgw_kikubaaqudgha
Sewer:    kennysheep_sewer_church

Skill      XL: |  1  2  3  4  5  6 |
---------------+-------------------+-----
Stealth        | 1 2 3 |  3.3
Long Blades    | 3 4 |  4.1
Dodging        | 1 |  1.8
Armour         | 3 |  3.1
Shields        | 3 |  3.1
Fighting       | |  3.8

Action                   |  1- 3 |  4- 6 || total
-------------------------+-------+-------++-------
Melee: Long sword        |   117 |   108 ||   225
Invok: Renounce Religion |       |     1 ||     1
 Abil: Spit Poison       |    17 |     2 ||    19
  Use: Scroll            |     7 |     1 ||     8
       Potion            |     2 |     1 ||     3
Armor: Scale mail        |    66 |    69 ||   135
Dodge: Dodged            |    41 |    37 ||    78
Block: Kite shield       |    79 |    55 ||   134
       Rpst.: Long sword |    15 |    10 ||    25

Table legend: (Time is in decaauts)
 A = Elapsed time spent in this place.
 B = Non-inter-level travel time spent in this place.
 C = Inter-level travel time spent in this place.
 D = Time resting spent in this place.
 E = Time spent auto-exploring this place.
 F = Levels seen in this place.
 G = Mean time per level.
                   A        B        C        D        E       F      G
               +--------+--------+--------+--------+--------+-----+--------+
         Total |   4294 |   4234 |     60 |   1458 |   1912 |   4 | 1073.5 |
       Dungeon |   3375 |   3315 |     60 |    840 |   1912 |   3 | 1125.0 |
         Sewer |    918 |    918 |      0 |    618 |      0 |   1 |  918.0 |
               +--------+--------+--------+--------+--------+-----+--------+

Top non-repeatable levels by time:
     D:1: 1978 daAuts
     D:2: 1228 daAuts
   Sewer: 918 daAuts
     D:3: 169 daAuts
